 Dungeon Crawl Stone Soup version 0.21-a0-531-gacddea6 (webtiles) character file.

4505 Gerstahl the Fighter (level 10, -1/74 HPs)
             Began as a Demonspawn Gladiator on Dec 12, 2017.
             Was a Believer of Ashenzari.
             Killed from afar by Erica (2 damage)
             ... with a bolt of poison
             ... on level 9 of the Dungeon.
             The game lasted 00:19:56 (10037 turns).

Gerstahl the Fighter (Demonspawn Gladiator)        Turns: 10037, Time: 00:19:57

Health: -1/74      AC: 11    Str: 15    XL:     10   Next: 16%
Magic:  10/10      EV: 14    Int: 10    God:    Ashenzari [**....]
Gold:   418        SH:  0    Dex: 17    Spells: 9/9 levels left

rFire    + + +     SeeInvis .   a - +0 long sword (curse)
rCold    + . .     Gourm    +   (no shield)
rNeg     . . .     Faith    .   G - +3 ring mail {rF+} (curse)
rPois    +         Spirit   .   (helmet restricted)
rElec    +         Reflect  .   z - +0 cloak
rCorr    +         Harm     .   h - +0 pair of gloves (curse)
MR       .....                  (no boots)
Stlth    ..........             E - amulet of the gourmand
HPRegen  0.22/turn              (no ring)
MPRegen  0.12/turn              (no ring)

@: confused, resistant, hasted and slowed
A: claws 1, fangs 1, horns 1, talons 1, blink, fire resistance 1, frail 1,
powered by death 1
a: Blink, Curse Item, Scrying, Renounce Religion


You were on level 9 of the Dungeon.
You worshipped Ashenzari.
Ashenzari was pleased with you.
You were full.

You visited 2 branches of the dungeon, and saw 10 of its levels.

You collected 418 gold pieces.

Inventory:

Hand Weapons
 a - a cursed +0 long sword (weapon)
Missiles
 i - a throwing net (quivered)
Armour
 h - a cursed +0 pair of gloves (worn)
 z - a +0 cloak (worn)
 G - a cursed +3 ring mail of fire resistance (worn)
Jewellery
 A - an uncursed amulet of regeneration
 E - an amulet of the gourmand (around neck)
Wands
 d - a wand of polymorph (12)
 j - a wand of enslavement (10)
 s - a wand of paralysis (13)
 B - a wand of random effects (38)
Scrolls
 e - 9 scrolls of identify {unknown}
 g - 4 scrolls of amnesia {unknown}
 k - 8 scrolls of teleportation {unknown}
 l - 6 scrolls of remove curse
 n - 4 scrolls of fear {unknown}
 o - a scroll of immolation {unknown}
 r - a scroll of magic mapping {unknown}
 u - 2 scrolls of fog {unknown}
 y - a scroll of enchant weapon {unknown}
 D - a scroll of holy word {unknown}
Potions
 t - a potion of haste
 C - a potion of brilliance
Books
 q - a book of Geomancy

   Spells                             Type                      Level
   a - Sandblast                      Earth                        1
   b - Passwall                       Transmutation/Earth          2
   c - Stone Arrow                    Conjuration/Earth            3
   d - Petrify                        Transmutation/Earth          4
   e - Lee's Rapid Deconstruction     Earth                        5
 v - a book of Misfortune

   Spells                             Type                      Level
   a - Confusing Touch                Hexes                        1
   b - Confuse                        Hexes                        3
   c - Gell's Gravitas                Translocation                3
   d - Petrify                        Transmutation/Earth          4
   e - Metabolic Englaciation         Hexes/Ice                    5
   f - Yara's Violent Unravelling     Hexes/Transmutation          5
 F - a book of Alchemy

   Spells                             Type                      Level
   a - Sublimation of Blood           Necromancy                   2
   b - Ignite Poison                  Fire/Transmutation/Poison    3
   c - Petrify                        Transmutation/Earth          4
   d - Alistair's Intoxication        Transmutation/Poison         5
   e - Irradiate                      Conjuration/Transmutation    5
Comestibles
 f - 5 bread rations


   Skills:
 - Level 9.1 Fighting
 - Level 9.0(11.2) Long Blades
 - Level 1.7 Throwing
 + Level 4.7 Armour
 + Level 5.6 Dodging
 - Level 0.1 Stealth


You had 9 spell levels left.
You didn't know any spells.

Dungeon Overview and Level Annotations

Branches:
Dungeon (9/15)             Temple (1/1) D:5            Lair (0/6) D:8
    Orc: D:9-12

Altars:
Ashenzari
Cheibriados
Dithmenos
Elyvilon
Fedhas
Gozag
Hepliaklqana
Kikubaaqudgha
Makhleb
Nemelex Xobeh
Okawaru
Qazlal
Ru
Sif Muna
Trog
Uskayaw
Vehumet
Wu Jian
Xom
Yredelemnul
Zin
The Shining One

Shops:
D:9 !

Annotations:
D:9 Erica; p0werm0de's ghost, novice OpEn


Innate Abilities, Weirdness & Mutations

You have sharp fingernails.
You have a pair of small horns on your head.
You have sharp toenails.
You regenerate a little health from kills.
You have very sharp teeth.
You can translocate small distances at will.
Your flesh is heat resistant. (rF+)
You are frail. (-10% HP)


Message History

You hit something. Your kick misses something. Something hits you!
* * * LOW HITPOINT WARNING * * *
You feel sick.
You hear some strange, mumbled words.
You are more confused.
Something hits you.
* * * LOW HITPOINT WARNING * * *
You hit something. You claw something. You headbutt something.
You bump into the rock wall.
You hear some strange, mumbled words.
You feel as though you will be slow longer.
You hit something.
* * * LOW HITPOINT WARNING * * *
You feel sick.
You are no longer poisoned.
You bump into the rock wall.
You hear some strange, mumbled words.
A bolt of poison appears from out of thin air!
The bolt of poison hits you! You resist.
You die...

#####........# #.........
#........# #........#
#........# #........#
#........# #
#####........######.#####
................@{.......
#####........#####.......
#........# .......
#........# .....:.
#.######.# ....... #.#
#.# ....... #.# #.#
....... #.# #.# .......
#.# #.#


There were no monsters in sight!

Vanquished Creatures
  A two-headed ogre (D:8)
  Pikel (D:6)
  Grum (D:8)
  An elephant (D:8)
  A slime creature (D:8)
  Grinder (D:5)
  Prince Ribbit (D:6)
  A hippogriff (D:8)
  2 basilisks (D:8)
  A water moccasin (D:6)
  An ice beast (D:7)
  A slave (D:6)
  A wolf (D:7)
  5 centaurs
  A bullfrog (D:8)
  3 scorpions
  3 wights (D:7)
  3 howler monkeys (D:8)
  A centaur zombie (D:8)
  A hound (D:7)
  2 orc priests
  A jelly (D:7)
  A centaur skeleton (D:6)
  3 iguanas
  3 orc wizards (D:5)
  4 worker ants
  A hound skeleton (D:6)
  Robin (D:3)
  10 adders
  5 shadow imps
  An ooze (D:2)
  An adder zombie (D:7)
  3 dart slugs
  2 leopard geckos (D:2)
  18 orcs
  A ball python (D:1)
  5 giant cockroaches
  7 goblins
  8 hobgoblins
  4 jackals (D:7)
  4 quokkas
  4 bats
  5 frilled lizards
  3 kobolds
  A leopard gecko skeleton (D:8)
  A rat (D:1)
130 creatures vanquished.

Vanquished Creatures (collateral kills)
  2 wolves (D:8)
2 creatures vanquished.

Vanquished Creatures (others)
  A slave (D:6)
1 creature vanquished.

Grand Total: 133 creatures vanquished

Notes
Turn   | Place    | Note
-------+----------+-------------------------------------------
     0 | D:1      | Gerstahl the Demonspawn Gladiator began the quest for the Orb.
     0 | D:1      | Reached XP level 1. HP: 16/16 MP: 1/1
   188 | D:1      | Gained mutation: You have a pair of small horns on your head. [demonic ancestry]
   188 | D:1      | Reached XP level 2. HP: 20/22 MP: 2/2
   673 | D:2      | Reached XP level 3. HP: 19/27 MP: 3/3
   974 | D:2      | Reached skill level 1 in Armour
  1193 | D:2      | Gained mutation: You regenerate a little health from kills. [demonic ancestry]
  1193 | D:2      | Reached XP level 4. HP: 34/34 MP: 4/4
  1837 | D:3      | Noticed Robin
  1859 | D:3      | Killed Robin
  2527 | D:5      | Entered Level 5 of the Dungeon
  2543 | D:5      | Noticed Grinder
  2547 | D:5      | Paralysed by Grinder for 7 turns
  2788 | D:5      | Gained mutation: You have sharp fingernails. [demonic ancestry]
  2788 | D:5      | Reached XP level 5. HP: 15/41 MP: 5/5
  3236 | D:5      | Found a shadowy altar of Dithmenos.
  3291 | D:5      | Paralysed by Grinder for 4 turns
  3497 | D:5      | Noticed a centaur
  3621 | D:5      | Killed a centaur
  3621 | D:5      | Reached XP level 6. HP: 9/48 MP: 6/6
  3622 | D:5      | Reached skill level 5 in Long Blades
  3926 | D:5      | Found a staircase to the Ecumenical Temple.
  3948 | Temple   | Entered the Ecumenical Temple
  4038 | Temple   | Became a worshipper of Ashenzari the Shackled
  4083 | D:5      | Found a basalt altar of Yredelemnul.
  4310 | D:5      | Paralysed by Grinder for 5 turns
  4321 | D:5      | Killed Grinder
  4321 | D:5      | Reached skill level 5 in Fighting
  4321 | D:5      | Reached XP level 7. HP: 56/56 MP: 7/7
  5111 | D:6      | Noticed Pikel
  5140 | D:6      | Killed Pikel
  5140 | D:6      | Gained mutation: You have sharp toenails. [demonic ancestry]
  5140 | D:6      | Reached XP level 8. HP: 61/65 MP: 8/8
  5394 | D:6      | Reached * piety under Ashenzari
  5789 | D:6      | Noticed Prince Ribbit
  5802 | D:6      | Killed Prince Ribbit
  6330 | D:7      | Found an ornate altar of the Wu Jian Council.
  7171 | D:8      | Reached XP level 9. HP: 69/74 MP: 9/9
  7303 | D:8      | Noticed Grum
  7333 | D:7      | Gained mutation: You are frail. (-10% HP) [potion of mutation]
  7333 | D:7      | Gained mutation: You have very sharp teeth. [potion of mutation]
  7333 | D:7      | Gained mutation: Your flesh is heat resistant. (rF+) [potion of mutation]
  7333 | D:7      | Gained mutation: You can translocate small distances at will. [potion of mutation]
  7338 | D:7      | HP: 2/67 [wolf[Grum] (10)]
  7914 | D:8      | Noticed a two-headed ogre
  7924 | D:8      | Killed a two-headed ogre
  8052 | D:8      | Killed Grum
  8140 | D:8      | Noticed an elephant
  8160 | D:8      | Found a staircase to the Lair.
  8594 | D:8      | Reached skill level 5 in Dodging
  8714 | D:8      | Killed an elephant
  8714 | D:8      | Reached XP level 10. HP: 52/74 MP: 10/10
  9904 | D:9      | Found Xomefe's Distillery.
  9905 | D:9      | Noticed p0werm0de's ghost (novice OpEn)
  9964 | D:9      | Reached ** piety under Ashenzari
 10008 | D:9      | Noticed Erica
 10032 | D:9      | HP: 3/74 [poisoned by an adder]
 10036 | D:9      | HP: 1/74 [poisoned by an adder]
 10037 | D:9      | Killed from afar by Erica

Vault maps used:
D:1:      nicolae_arrival_memento_mori
D:3:      first_bread, minivault_23, minmay_misc_feat_five,
          serial_bayou_lagoon_a, uniq_robin
D:5:      minmay_temple_entry_statues_pillars, basic_altar,
          grunt_dithmenos_smoke_and_mirrors, uniq_grinder
D:6:      st_stairs_9, minmay_three_doors, uniq_prince_ribbit1, uniq_pikel
D:7:      nicolae_overflow_crystal_walls
D:8:      minmay_cut_squares, david_lair_generic, uniq_grum
D:9:      serial_shops, shop, hangedman_fish_farm, uniq_erica
Temple:   compressed_dpeg_circular_temple

Skill      XL: |  1  2  3  4  5  6  7  8  9 |
---------------+----------------------------+-----
Dodging        | 3 5 |  5.6
Long Blades    | 3 4 5 7 8 9 |  9.0
Armour         | 1 4 |  4.7
Fighting       | 3 4 5 6 8 9 |  9.1
Throwing       | |  1.7
Stealth        | |  0.1

Action                   |  1- 3 |  4- 6 |  7- 9 | 10-12 || total
-------------------------+-------+-------+-------+-------++-------
Melee: Long sword        |    70 |   118 |   237 |    41 ||   466
       Headbutt          |    12 |    21 |    65 |    11 ||   109
       Kick              |       |       |    83 |    16 ||    99
       Bite              |       |       |    20 |     5 ||    25
Throw: Throwing net      |       |     5 |       |       ||     5
Invok: Curse Item        |       |     2 |       |     1 ||     3
Evoke: Wand              |       |     3 |    13 |       ||    16
  Use: Potion            |       |     5 |     7 |     2 ||    14
       Scroll            |       |       |     3 |     1 ||     4
 Stab: Paralysed         |       |     2 |    20 |       ||    22
       Distracted        |       |       |     1 |       ||     1
       Sleeping          |       |       |     1 |       ||     1
       Betrayed ally     |       |       |     1 |       ||     1
  Eat: Chunk             |       |     4 |     9 |     3 ||    16
       Royal jelly       |       |     2 |     1 |       ||     3
       Meat ration       |       |     1 |     1 |       ||     2
       Fruit             |       |       |     3 |       ||     3
Armor: Leather armour    |    20 |     8 |       |       ||    28
       Animal skin       |       |    22 |    49 |     8 ||    79
       Skin              |       |       |    10 |       ||    10
       Ring mail         |       |       |       |     5 ||     5
Dodge: Dodged            |    51 |    74 |   166 |    22 ||   313
       Rpst.: Long sword |    14 |    27 |    56 |     5 ||   102

Table legend:
 A = Spawn XP
 B = Non-spawn XP
 C = Spawn XP percentage of total XP
 D = Spawn monster count
 E = Non-spawn monster count
 F = Spawn count percentage of total count
 G = Total turns spent on level
                    A         B        C        D         E        F      G
               +---------+---------+-------+---------+---------+-------+---------
         Total |       0 |    6437 |   0.0 |       0 |     131 |   0.0 | 10037
               +---------+---------+-------+---------+---------+-------+---------
           D:1 |       0 |      24 |   0.0 |       0 |      13 |   0.0 |   687
           D:2 |       0 |      81 |   0.0 |       0 |      19 |   0.0 |   883
           D:3 |       0 |      40 |   0.0 |       0 |      12 |   0.0 |   635
           D:4 |       0 |      68 |   0.0 |       0 |       3 |   0.0 |  1182
           D:5 |       0 |     629 |   0.0 |       0 |      23 |   0.0 |  1292
           D:6 |       0 |    1276 |   0.0 |       0 |      15 |   0.0 |  1387
           D:7 |       0 |     771 |   0.0 |       0 |      17 |   0.0 |  2068
           D:8 |       0 |    3533 |   0.0 |       0 |      27 |   0.0 |  1720
           D:9 |       0 |      15 |   0.0 |       0 |       2 |   0.0 |    79
               +---------+---------+-------+---------+---------+-------+---------
